 Dungeon Crawl Stone Soup version 0.23.2 (webtiles) character file.

Game seed: 17606492147413898172

160 Borgoz the Sneak (level 5, 0/42 (44) HPs)
             Began as a Ghoul Assassin on Apr 4, 2019.
             Slain by an orc
             ... wielding a +0 trident
              (6 damage)
             ... on level 3 of the Dungeon.
             The game lasted 00:03:07 (1921 turns).

Borgoz the Sneak (Ghoul Assassin)                   Turns: 1921, Time: 00:03:08

HP:   0/42 (44)     AC:  4    Str: 15    XL:     5   Next: 41%
MP:   4/4           EV: 12    Int:  6    God:
Gold: 162           SH:  0    Dex: 11    Spells: 4/4 levels left

rFire    . . .     SeeInvis .   a - +2 dagger (venom)
rCold    + . .     Gourm    .   (no shield)
rNeg     + + +     Faith    .   c - +0 robe
rPois    ∞         Spirit   .   (no helmet)
rElec    .         Reflect  .   d - +0 cloak
rCorr    .         Harm     .   (no gloves)
MR       .....                  s - +0 pair of boots
Stlth    +++.......             (no amulet)
HPRegen  0.00/turn              (no ring)
MPRegen  0.09/turn              (no ring)

@: rotting
A: rotting body, claws 1, carnivore, cold resistance 1, negative energy
resistance 3, inhibited regeneration, torment resistance, unbreathing
a: no special abilities


You were on level 3 of the Dungeon.
You were not hungry.

You visited 1 branch of the dungeon, and saw 3 of its levels.

You collected 162 gold pieces.

Inventory:

Hand Weapons
 a - a +2 dagger of venom (weapon)
 b - a +0 blowgun
 h - a +2 dagger
Missiles
 e - 6 poisoned needles
 f - 2 curare-tipped needles
Armour
 c - a +0 robe (worn)
 d - a +0 cloak (worn)
 s - a +0 pair of boots (worn)
Scrolls
 i - 2 scrolls of identify {unknown}
 k - 2 scrolls of amnesia {unknown}
 m - 2 scrolls of fog {unknown}
 q - a scroll of noise {unknown}
Potions
 j - a potion of cancellation {unknown}
 l - 3 potions of haste {unknown}
 n - a potion of agility {unknown}
 o - a potion of curing {unknown}
 p - a potion of degeneration {unknown}
Comestibles
 g - 4 rations


   Skills:
 + Level 2.9 Fighting
 * Level 2.8 Short Blades
 - Level 1.7 Throwing
 * Level 2.0 Armour
 * Level 2.4 Dodging
 + Level 4.8 Stealth


You had 4 spell levels left.
You didn't know any spells.
Your spell library was empty.

Dungeon Overview and Level Annotations

Branches:
Dungeon (3/15)

Altars:
Xom


Innate Abilities, Weirdness & Mutations

Your body is rotting away.
You thrive on raw meat.
You are immune to poison.
You have sharp fingernails.
You are carnivorous and can eat meat at any time.
Your flesh is cold resistant. (rC+)
You are immune to negative energy. (rN+++)
You do not regenerate when monsters are visible.
You are immune to unholy pain and torment.
You can survive without breathing.


Message History

The orc wizard casts a cantrip, but nothing happens.
The orc barely misses you. The orc closely misses you.
There is a stone staircase leading up here.
The orc wizard barely misses you. The orc hits you with a +0 trident.
Things that are here:
a +0 short sword of venom; an orc corpse; an adder corpse You hit the orc wizard.
The orc wizard is poisoned.
The orc wizard is moderately wounded.
The orc wizard hits you with a +0 dagger.
You are too injured to fight recklessly!
You are too injured to fight recklessly!
You are too injured to fight recklessly!
The orc hits you from afar with a +0 trident!
The orc wizard casts a spell at you. The magic dart hits you!
* * * LOW HITPOINT WARNING * * *
There is a stone staircase leading up here.
The orc hits you from afar with a +0 trident.
You die...

#. #.# .# # #..
#.# .#.# #.o
..##.#.#
.###..#......##
......#........
#...........
#........
######os......
#...@oo...!...
#.#####.......
....... #####.#
.


You could see an orc wizard, 2 orcs and a giant cockroach.

Vanquished Creatures
  An ogre (D:2)
  3 adders
  3 oozes
  An orc (D:3)
  A ball python (D:1)
  3 bats
  2 goblins (D:1)
  5 hobgoblins
  2 jackals (D:1)
  6 kobolds
  3 frilled lizards
  5 rats
35 creatures vanquished.

Notes
Turn   | Place    | Note
-------+----------+-------------------------------------------
     0 | D:1      | Borgoz the Ghoul Assassin began the quest for the Orb.
     0 | D:1      | Reached XP level 1. HP: 17/17 MP: 0/0
   240 | D:1      | Reached skill level 1 in Dodging
   467 | D:1      | Reached XP level 2. HP: 15/24 MP: 1/1
  1053 | D:2      | Reached XP level 3. HP: 24/30 MP: 2/2
  1062 | D:2      | Reached skill level 1 in Armour
  1548 | D:2      | Reached XP level 4. HP: 24/37 MP: 3/3
  1723 | D:2      | Found a shimmering altar of Xom.
  1746 | D:2      | Noticed an ogre
  1766 | D:2      | Killed an ogre
  1766 | D:2      | Reached XP level 5. HP: 44/44 MP: 4/4
  1921 | D:3      | Slain by an orc

Skill      XL: |  1  2  3  4  5 |
---------------+----------------+-----
Dodging        | 1 2 |  2.4
Short Blades   | 2 |  2.8
Armour         | 1 2 |  2.0
Fighting       | |  2.9
Throwing       | |  1.7
Stealth        | |  4.8

Action                   |  1- 3 |  4- 6 || total
-------------------------+-------+-------++-------
Melee: Dagger            |   104 |    18 ||   122
 Fire: Blowgun           |     1 |     3 ||     4
 Stab: Sleeping          |     5 |       ||     5
  Eat: Chunk             |     8 |       ||     8
Armor: Robe              |    23 |     5 ||    28
Dodge: Dodged            |    52 |    14 ||    66
